 Dungeon Crawl Stone Soup version 0.24-a0-524-gf43b32f898 (webtiles) character file.

Game seed: 1103116058265334434

6227 BluebellGnoll the Magician (level 10, -1/75 HPs)
             Began as a Gnoll Earth Elementalist on July 31, 2019.
             Was a Believer of Sif Muna.
             Succumbed to an orange demon's poison
             ... on level 9 of the Dungeon.
             The game lasted 00:48:55 (5789 turns).

BluebellGnoll the Magician (GnEE)                   Turns: 5789, Time: 00:48:56

Health: -1/75      AC:  9    Str: 20    XL:     10   Next: 92%
Magic:  2/21       EV: 17    Int: 21    God:    Sif Muna [**....]
Gold:   315        SH:  0    Dex: 15    Spells: 5/24 levels left

rFire    . . .     SeeInvis .   y - +2 dagger (venom)
rCold    . . .     Gourm    .   (no shield)
rNeg     . . .     Faith    .   u - +2 robe {MR+}
rPois    .         Spirit   .   U - +0 helmet
rElec    .         Reflect  .   (no cloak)
rCorr    .         Harm     .   w - +1 pair of gloves
MR       +....                  v - +0 pair of boots
Stlth    ++++......             (no amulet)
HPRegen  0.22/turn              z - +2 ring of strength
MPRegen  0.17/turn              E - +2 ring of strength

@: mighty, lethally poisoned (-1 -> -25)
A: distributed training, fangs 1, strong nose
a: Channel Magic, Renounce Religion


You were on level 9 of the Dungeon.
You worshipped Sif Muna.
Sif Muna was pleased with you.
You were very hungry.

You visited 2 branches of the dungeon, and saw 10 of its levels.

You collected 525 gold pieces.
You spent 210 gold pieces at shops.

Inventory:

Hand Weapons
 a - a +1 flail of crushing
 j - a +0 hunting sling
 p - a +0 spear
 t - a +1 dagger of venom
 y - a +2 dagger of venom (weapon)
 F - a +2 whip of freezing
 J - a +0 shortbow
 L - a +0 dagger
 N - a +1 mace of protection
 O - a +4 flail
 W - a +1 scimitar of holy wrath
Missiles
 b - 126 stones
 e - 93 sling bullets
 k - 215 arrows
 l - 71 bolts
 A - 27 poisoned darts (quivered)
 D - 3 silver javelins
 G - 2 javelins
 I - 13 boomerangs
Armour
 c - a +0 robe
 g - a +2 robe of positive energy
 n - a +0 ring mail
 s - a +0 leather armour
 u - a +2 robe of magic resistance (worn)
 v - a +0 pair of boots (worn)
 w - a +1 pair of gloves (worn)
 U - a +0 helmet (worn)
Jewellery
 z - a +2 ring of strength (left hand)
 E - a +2 ring of strength (right hand)
Wands
 h - a wand of iceblast (8)
Scrolls
 i - a scroll of enchant weapon
 m - 2 scrolls of enchant armour
 o - 4 scrolls of remove curse
 q - a scroll of magic mapping
 r - 2 scrolls of random uselessness {unknown}
 x - 6 scrolls of teleportation {unknown}
 B - 2 scrolls of noise {unknown}
 C - 2 scrolls of fog
 Q - a scroll of vulnerability
 R - a scroll of amnesia
 T - a scroll of fear
Potions
 f - 2 potions of heal wounds
 H - 4 potions of curing
 K - a potion of haste
 M - a potion of mutation {unknown}
 P - a potion of lignification
 V - a potion of resistance
 X - a potion of brilliance {unknown}
Comestibles
 d - 19 rations
 S - 3 chunks of flesh


   Skills:
 + Level 5.6 Fighting
 + Level 5.6 Short Blades
 + Level 5.6 Long Blades
 + Level 5.6 Axes
 + Level 5.6 Maces & Flails
 + Level 5.6 Polearms
 + Level 5.6 Staves
 + Level 5.6 Slings
 + Level 5.6 Bows
 + Level 5.6 Crossbows
 + Level 5.6 Throwing
 + Level 5.6 Armour
 + Level 7.3 Dodging
 + Level 7.1 Stealth
 + Level 5.6 Shields
 + Level 5.6 Unarmed Combat
 + Level 7.6 Spellcasting
 + Level 4.6 Conjurations
 + Level 4.6 Hexes
 + Level 4.6 Charms
 + Level 4.6 Summonings
 + Level 4.6 Necromancy
 + Level 4.6 Translocations
 + Level 5.1 Transmutations
 + Level 4.6 Fire Magic
 + Level 4.6 Ice Magic
 + Level 4.6 Air Magic
 + Level 7.2 Earth Magic
 + Level 4.6 Poison Magic
 + Level 6.2 Invocations
 + Level 5.6 Evocations


You had 5 spell levels left.
You knew the following spells:

 Your Spells              Type           Power        Failure   Level  Hunger
a - Sandblast             Erth           #####.       1%          1    None
d - Petrify               Tmut/Erth      ####....     6%          4    ###....
f - Stone Arrow           Conj/Erth      ####..       2%          3    None
k - Regeneration          Chrm/Necr      ####......   3%          3    None
u - Animate Skeleton      Necr           N/A          1%          1    None
v - Lee's Rapid Deconstr  Erth           #####.....   12%         5    #####..
w - Passwall              Tmut/Erth      ####....     1%          2    None

Your spell library contained the following spells:

 Spells                   Type           Power        Failure   Level  Hunger
 Pain                     Necr           ####         1%          1    None
 Vampiric Draining        Necr           ####......   3%          3    None
 Animate Dead             Necr           N/A          12%         4    ###....


Dungeon Overview and Level Annotations

Branches:
Dungeon (9/15)             Temple (1/1) D:5
   Lair: D:8-11         Orc: D:9-12

Altars:
Ashenzari
Cheibriados
Dithmenos
Elyvilon
Fedhas
Gozag
Hepliaklqana
Kikubaaqudgha
Makhleb
Nemelex Xobeh
Okawaru
Qazlal
Ru
Sif Muna
Trog
Uskayaw
Vehumet
Wu Jian
Xom
Yredelemnul
Zin
The Shining One

Shops:
D:8 !

Annotations:
D:8 2 transporters


Innate Abilities, Weirdness & Mutations

Your experience applies equally to all skills.
You have very sharp teeth.
Your uncanny sense of smell can sniff out nearby items.


Message History

You feel sick. The ice devil hits you!
* * * LOW HITPOINT WARNING * * *
The ice devil freezes you!
* * * LOW HITPOINT WARNING * * *
The orc high priest hits you with a cursed -3 dire flail!
* * * LOW HITPOINT WARNING * * *
You hit the orc high priest.
The orc high priest is severely wounded.
* * * LOW HITPOINT WARNING * * *
You feel sick. The orange demon closely misses you. The ice devil misses you.
You barely miss the orc high priest.
The orc high priest is severely wounded.
* * * LOW HITPOINT WARNING * * *
You feel sick.
The orc high priest utters an invocation to Beogh.
The orc high priest is healed somewhat.
The orange demon closely misses you.
Unknown command.
You puncture the orc high priest!
The orc high priest is almost dead.
You die...

....#.........#..#.....'..# .
....###......>#..#.....#..# .
......#.......#..####+##..# .
......###'#####...........#######
.................................
.................................
........#####################....
........#8.......o44........#....
..<.....#.......@4#.........#....
........#.........#....3.l..#...#
........#........8#.......).#...#
...#########'##############'#...#
##.#>...#....#∆∆∆∆#.4yl.....#...#
.#.#....#....#∆∆∆∆#.)3...?..#...#
.#.#....#....#∆∆∆∆#3So......#...#
.#.#....'....#∆∆∆∆#o........#...#
.#.###########∆∆∆∆+.........#...#


You could see an orc high priest, an orange demon, a hellwing and an ice devil.

Vanquished Creatures
  Erolcha (D:9)
  A flayed ghost (D:9)
  A manticore (D:9)
  A gargoyle (D:9)
  A troll (D:9)
  Grinder (D:3)
  Sigmund (D:2)
  2 hungry ghosts (D:9)
  A water moccasin (D:9)
  4 orc warriors
  3 sky beasts
  3 ogres
  A phantom (D:9)
  4 black bears
  An ice beast (D:6)
  A necrophage (D:7)
  3 centaurs
  2 bullfrogs
  A scorpion (D:9)
  A killer bee (D:9)
  A howler monkey (D:4)
  5 crimson imps
  4 orc priests
  4 hounds
  3 iron imps (D:5)
  A jelly (D:9)
  7 orc wizards
  Jessica (D:3)
  6 iguanas
  2 bullfrog skeletons
  4 worker ants
  2 worker ant zombies
  4 gnolls (D:2)
  8 adders
  3 shadow imps
  An ooze (D:2)
  2 adder skeletons
  A worm (D:2)
  2 dart slugs (D:1)
  7 leopard geckos
  28 orcs
  5 giant cockroaches
  5 goblins
  6 hobgoblins
  10 jackals
  4 quokkas
  A bat (D:3)
  A frilled lizard (D:2)
  A kobold (D:3)
  A quokka skeleton (D:5)
  2 rats (D:1)
166 creatures vanquished.

Vanquished Creatures (collateral kills)
  A phantom (D:7)
  A howler monkey (D:9)
  An orc (D:7)
  A jackal (D:6)
  A leopard gecko zombie (D:5)
5 creatures vanquished.

Grand Total: 171 creatures vanquished

Notes
Turn   | Place    | Note
-------+----------+-------------------------------------------
     0 | D:1      | BluebellGnoll the Gnoll Earth Elementalist began the quest
                  | for the Orb.
     0 | D:1      | Reached XP level 1. HP: 13/13 MP: 6/6
    71 | D:1      | Reached XP level 2. HP: 15/19 MP: 5/7
   486 | D:2      | Reached XP level 3. HP: 25/25 MP: 7/9
   493 | D:2      | Learned a level 2 spell: Passwall
   497 | D:2      | Learned a level 3 spell: Stone Arrow
   517 | D:2      | Reached skill level 5 in Spellcasting
   625 | D:2      | Noticed Sigmund
   643 | D:2      | Killed Sigmund
   643 | D:2      | Reached skill level 1 in Fighting
   643 | D:2      | Reached skill level 1 in Short Blades
   643 | D:2      | Reached skill level 1 in Long Blades
   643 | D:2      | Reached skill level 1 in Axes
   643 | D:2      | Reached skill level 1 in Maces & Flails
   643 | D:2      | Reached skill level 1 in Polearms
   643 | D:2      | Reached skill level 1 in Staves
   643 | D:2      | Reached skill level 1 in Slings
   643 | D:2      | Reached skill level 1 in Bows
   643 | D:2      | Reached skill level 1 in Crossbows
   643 | D:2      | Reached skill level 1 in Throwing
   643 | D:2      | Reached skill level 1 in Armour
   643 | D:2      | Reached skill level 1 in Shields
   643 | D:2      | Reached skill level 1 in Unarmed Combat
   643 | D:2      | Reached skill level 1 in Conjurations
   643 | D:2      | Reached skill level 1 in Hexes
   643 | D:2      | Reached skill level 1 in Charms
   643 | D:2      | Reached skill level 1 in Summonings
   643 | D:2      | Reached skill level 1 in Necromancy
   643 | D:2      | Reached skill level 1 in Translocations
   643 | D:2      | Reached skill level 1 in Fire Magic
   643 | D:2      | Reached skill level 1 in Ice Magic
   643 | D:2      | Reached skill level 1 in Air Magic
   643 | D:2      | Reached skill level 1 in Poison Magic
   643 | D:2      | Reached skill level 1 in Invocations
   643 | D:2      | Reached skill level 1 in Evocations
   643 | D:2      | Reached XP level 4. HP: 24/32 MP: 11/11
   643 | D:2      | Reached XP level 5. HP: 28/37 MP: 12/12
   804 | D:2      | Reached XP level 6. HP: 27/44 MP: 10/13
  1090 | D:2      | Learned a level 4 spell: Petrify
  1162 | D:3      | Noticed Jessica
  1171 | D:3      | Killed Jessica
  1444 | D:3      | Noticed Grinder
  1501 | D:3      | Reached skill level 5 in Dodging
  1517 | D:3      | Paralysed by Grinder for 7 turns
  1541 | D:3      | Killed Grinder
  1541 | D:3      | Reached XP level 7. HP: 42/50 MP: 15/15
  1565 | D:3      | Learned a level 5 spell: Lee's Rapid Deconstruction
  1736 | D:4      | Learned a level 1 spell: Animate Skeleton
  2060 | D:5      | Entered Level 5 of the Dungeon
  2112 | D:5      | Found a staircase to the Ecumenical Temple.
  2131 | D:5      | Reached skill level 5 in Stealth
  2192 | D:5      | Reached XP level 8. HP: 57/57 MP: 4/16
  2518 | Temple   | Entered the Ecumenical Temple
  2598 | Temple   | Became a worshipper of Sif Muna the Loreminder
  3068 | D:6      | Found a sacrificial altar of Ru.
  3068 | D:6      | Found a hazy altar of Hepliaklqana.
  3070 | D:6      | Found a white marble altar of Elyvilon.
  3140 | D:5      | Found a burning altar of Makhleb.
  3265 | D:5      | Reached XP level 9. HP: 65/65 MP: 8/18
  3613 | D:6      | Learned a level 3 spell: Regeneration
  3714 | D:7      | Reached * piety under Sif Muna
  3839 | D:7      | Found a basalt altar of Yredelemnul.
  4437 | D:8      | Found a bloodstained altar of Trog.
  4598 | D:9      | Noticed a troll
  4601 | D:9      | Killed a troll
  4601 | D:9      | Reached skill level 5 in Invocations
  4680 | D:8      | Found Fitiagh's Distillery.
  4689 | D:8      | Bought a potion of heal wounds for 70 gold pieces
  4689 | D:8      | Bought a potion of resistance for 140 gold pieces
  4732 | D:8      | Reached XP level 10. HP: 73/73 MP: 7/20
  4932 | D:8      | Reached ** piety under Sif Muna
  5000 | D:8      | Found a transporter.
  5000 | D:8      | Found a transporter.
  5020 | D:8      | Noticed a glowing orange brain
  5253 | D:9      | Noticed Erolcha
  5346 | D:9      | Killed Erolcha
  5346 | D:9      | Reached skill level 5 in Fighting
  5346 | D:9      | Reached skill level 5 in Short Blades
  5346 | D:9      | Reached skill level 5 in Long Blades
  5346 | D:9      | Reached skill level 5 in Axes
  5346 | D:9      | Reached skill level 5 in Maces & Flails
  5346 | D:9      | Reached skill level 5 in Polearms
  5346 | D:9      | Reached skill level 5 in Staves
  5346 | D:9      | Reached skill level 5 in Slings
  5346 | D:9      | Reached skill level 5 in Bows
  5346 | D:9      | Reached skill level 5 in Crossbows
  5346 | D:9      | Reached skill level 5 in Throwing
  5346 | D:9      | Reached skill level 5 in Armour
  5346 | D:9      | Reached skill level 5 in Shields
  5346 | D:9      | Reached skill level 5 in Unarmed Combat
  5346 | D:9      | Reached skill level 5 in Evocations
  5532 | D:9      | Noticed a manticore
  5550 | D:9      | Killed a manticore
  5550 | D:9      | Reached skill level 5 in Transmutations
  5732 | D:9      | Noticed a gargoyle
  5744 | D:9      | Noticed a flayed ghost
  5744 | D:9      | Noticed an orc high priest
  5744 | D:9      | Killed a gargoyle
  5748 | D:9      | Killed a flayed ghost
  5749 | D:9      | Noticed a soul eater
  5778 | D:9      | Noticed an orange demon
  5786 | D:9      | HP: 3/75 [orc high priest/cursed -3 dire flail (7)]
  5788 | D:9      | HP: 1/75 [poisoned by an orange demon]
  5789 | D:9      | Succumbed to an orange demon's poison

Levels and vault maps discovered:
D:1:      evilmike_arrival_rings, layout_loops_ring
D:2:      layout_loops_corners, first_ration, uniq_sigmund
D:3:      layout_loops_cross, uniq_jessica, uniq_grinder
D:4:      layout_basic
D:5:      layout_rooms, demons_altar, minmay_temple_entry_waves
D:6:      layout_loops_ring, nicolae_overflow_hidden_temple
D:7:      layout_cave_pods, serial_column_ruins, column_ruins_hut,
          column_ruins_temple_circle, column_ruins_corridor_straight,
          column_ruins_columns_T, column_ruins_columns_corner,
          column_ruins_open_small, column_ruins_columns_corner
D:8:      gammafunk_jiyva_shrine, layout_basic, serial_shops, shop,
          trog_ov_bears_minmay
D:9:      minmay_klotski, layout_irregular_city, erik_orc_1, uniq_gastronok,
          uniq_joseph, uniq_erolcha
Temple:   regret_index_temple_mists

Skill      XL: |  1  2  3  4  5  6  7  8  9 10 |
---------------+-------------------------------+-----
Transmutations | 2 3 4 5 |  5.1
Spellcasting   | 5 6 7 |  7.6
Fighting       | 1 2 3 4 5 |  5.6
Short Blades   | 1 2 3 4 5 |  5.6
Long Blades    | 1 2 3 4 5 |  5.6
Axes           | 1 2 3 4 5 |  5.6
Maces & Flails | 1 2 3 4 5 |  5.6
Polearms       | 1 2 3 4 5 |  5.6
Staves         | 1 2 3 4 5 |  5.6
Slings         | 1 2 3 4 5 |  5.6
Bows           | 1 2 3 4 5 |  5.6
Crossbows      | 1 2 3 4 5 |  5.6
Throwing       | 1 2 3 4 5 |  5.6
Armour         | 1 2 3 4 5 |  5.6
Shields        | 1 2 3 4 5 |  5.6
Unarmed Combat | 1 2 3 4 5 |  5.6
Conjurations   | 1 2 3 4 |  4.6
Hexes          | 1 2 3 4 |  4.6
Charms         | 1 2 3 4 |  4.6
Summonings     | 1 2 3 4 |  4.6
Necromancy     | 1 2 3 4 |  4.6
Translocations | 1 2 3 4 |  4.6
Fire Magic     | 1 2 3 4 |  4.6
Ice Magic      | 1 2 3 4 |  4.6
Air Magic      | 1 2 3 4 |  4.6
Poison Magic   | 1 2 3 4 |  4.6
Invocations    | 1 2 3 4 5 6 |  6.2
Evocations     | 1 2 3 4 5 |  5.6
Dodging        | 5 6 7 |  7.3
Stealth        | 5 6 7 |  7.1
Earth Magic    | 6 7 |  7.2

Action                   |  1- 3 |  4- 6 |  7- 9 | 10-12 || total
-------------------------+-------+-------+-------+-------++-------
Melee: Unarmed           |     2 |       |       |       ||     2
       Spear             |    19 |    39 |     9 |       ||    67
       Dagger            |     1 |     2 |    77 |    74 ||   154
       Bite              |     1 |     2 |    22 |    10 ||    35
       Flail             |       |       |    40 |     4 ||    44
       Punch             |       |       |       |     2 ||     2
 Fire: Hunting sling     |       |     4 |    78 |     1 ||    83
Throw: Dart              |    25 |    16 |    30 |     1 ||    72
       Stone             |     1 |     1 |       |       ||     2
 Cast: Sandblast         |    12 |    16 |    72 |    31 ||   131
       Passwall          |       |     4 |    26 |    19 ||    49
       Petrify           |       |       |    27 |    13 ||    40
       Animate Skeleton  |       |       |    24 |    10 ||    34
       Stone Arrow       |       |       |     9 |     2 ||    11
       Regeneration      |       |       |       |     4 ||     4
       Lee's Rapid Decon |       |       |       |     3 ||     3
Evoke: Wand              |       |       |       |     4 ||     4
  Use: Potion            |     5 |     1 |       |     1 ||     7
       Scroll            |       |     1 |    11 |       ||    12
 Stab: Sleeping          |       |     5 |    11 |     5 ||    21
       Petrified         |       |       |    27 |     8 ||    35
       Petrifying        |       |       |     2 |     1 ||     3
  Eat: Chunk             |       |     2 |    14 |     7 ||    23
Armor: Robe              |       |    10 |    35 |    21 ||    66
Dodge: Dodged            |    11 |    20 |    79 |    71 ||   181

Table legend:
 A = Non-vault XP
 B = Vault XP
 C = Vault XP percentage of total XP
 D = Non-vault monster count
 E = Vault monster count
 F = Vault count percentage of total count
                 A         B        C        D         E       F
            +---------+---------+-------+---------+---------+-------
      Total |    4912 |    3984 |  44.8 |     153 |      18 |  10.5
            +---------+---------+-------+---------+---------+-------
        D:1 |      22 |       0 |   0.0 |       9 |       0 |   0.0
        D:2 |     144 |     212 |  59.6 |      21 |       1 |   4.5
        D:3 |      34 |     318 |  90.3 |      11 |       2 |  15.4
        D:4 |     321 |       0 |   0.0 |      19 |       0 |   0.0
        D:5 |     613 |     119 |  16.3 |      14 |       3 |  17.6
        D:6 |     701 |       0 |   0.0 |      20 |       0 |   0.0
        D:7 |    1084 |       0 |   0.0 |      22 |       0 |   0.0
        D:8 |     478 |     264 |  35.6 |      18 |       2 |  10.0
        D:9 |    1515 |    3071 |  67.0 |      19 |      10 |  34.5
            +---------+---------+-------+---------+---------+-------
